 Dungeon Crawl Stone Soup version 0.26-a0-163-g6c8a0bf695 (webtiles) character file.

Game seed: 10634885444044781118

2151 Gargoyl the Covered (level 9, -11/74 HPs)
             Began as a Centaur Abyssal Knight on July 3, 2020.
             Was a High Priest of Lugonu.
             Mangled by a wyvern (14 damage)
             ... on level 8 of the Dungeon.
             The game lasted 00:11:33 (9660 turns).

Gargoyl the Covered (Centaur Abyssal Knight)        Turns: 9660, Time: 00:11:35

Health: -11/74     AC:  9    Str: 17    XL:     9   Next: 10%
Magic:  0/12       EV:  4    Int: 11    God:    Lugonu [*****.]
Gold:   248        SH:  0    Dex: 10    Spells: 8/8 levels left

rFire    + + .     SeeInvis .   D - +2 war axe (flame)
rCold    + . .     Faith    .   (no shield)
rNeg     . . .     Spirit   +   g - +0 plate armour
rPois    +         Reflect  .   (no helmet)
rElec    +         Harm     .   A - scarf {rC+ rF+}
rCorr    .                      d - +2 pair of gloves
MR       +....                  (no barding)
Stlth    ..........             t - amulet of guardian spirit
HPRegen  0.22/turn              y - ring of the Komodo Dragon {rElec rF+ MR+ AC-4 Stlth-} (curse)
MPRegen  0.13/turn              h - ring of poison resistance

@: very quick
A: large, hooves 3, deformed body, speed 2, tough skin 3
a: Depart the Abyss, Bend Space, Banish, Corrupt, Enter the Abyss, Renounce
Religion


You were on level 8 of the Dungeon.
You worshipped Lugonu.
Lugonu was extremely pleased with you.
You were not hungry.

You visited 1 branch of the dungeon, and saw 8 of its levels.
You visited the Abyss 1 time.

You collected 395 gold pieces.
You spent 147 gold pieces at shops.

Inventory:

Hand Weapons
 a - a +2 hand axe
 D - a +2 war axe of flaming (weapon)
Missiles
 p - 10 javelins (quivered)
Armour
 d - a +2 pair of gloves (worn)
 g - a +0 plate armour (worn)
 A - a scarf of resistance (worn)
Jewellery
 e - an uncursed ring of protection from fire
 h - a ring of poison resistance (right hand)
 n - an uncursed amulet of magic regeneration
 o - an uncursed ring of protection from cold
 t - an amulet of guardian spirit (around neck)
 y - the cursed ring of the Komodo Dragon (left hand) {rElec rF+ MR+ AC-4 Stlth-}
   (You found it on level 6 of the Dungeon)

   [ring of protection]

   It affects your AC (-4).
   It protects you from fire.
   It insulates you from electricity.
   It affects your resistance to hostile enchantments.
   It makes you less stealthy.
   It has a curse placed upon it.
Wands
 C - a wand of polymorph (12)
Scrolls
 j - a scroll of identify
 l - a scroll of magic mapping
 q - 3 scrolls of immolation
 r - a scroll of blinking
 s - a scroll of teleportation
 z - a scroll of summoning
Potions
 b - a potion of stabbing {unknown}
 f - a potion of invisibility {unknown}
 i - 2 potions of heal wounds
 m - a potion of flight {unknown}
 u - 3 potions of curing
 w - 2 potions of haste {unknown}
 B - a potion of brilliance {unknown}
 E - a potion of ambrosia {unknown}
Comestibles
 c - 11 rations


   Skills:
 + Level 5.0 Fighting
 + Level 5.4 Axes
 + Level 0.8 Throwing
 * Level 5.8 Armour
 * Level 3.3 Dodging
 * Level 5.0 Invocations


You had 8 spell levels left.
You didn't know any spells.
Your spell library contained the following spells:

 Spells                   Type           Power        Failure   Level  Hunger
 Animate Skeleton         Necr           N/A          100%        1    ##.....
 Pain                     Necr           #...         100%        1    ##.....
 Confusing Touch          Hex            #.......     100%        3    ####...
 Gell's Gravitas          Tloc           #.........   100%        3    ####...
 Vampiric Draining        Necr           #.........   100%        3    ####...
 Animate Dead             Necr           N/A          100%        4    #####..
 Petrify                  Tmut/Erth      #.......     100%        4    #####..
 Agony                    Necr           #.......     100%        5    ######.
 Metabolic Englaciation   Hex/Ice        #.........   100%        5    ######.
 Yara's Violent Unravell  Hex/Tmut       #.........   100%        5    ######.


Dungeon Overview and Level Annotations

Branches:
Dungeon (8/15)             Temple (0/1) D:4
   Lair: D:8-11

Altars:
Dithmenos
Fedhas
Hepliaklqana
Nemelex Xobeh
Qazlal
Trog
Uskayaw
Wu Jian
Xom
Zin
The Shining One

Shops:
D:4 *?(


Innate Abilities, Weirdness & Mutations

You have hooves in place of feet.
Armour fits poorly on your strangely shaped body.
You cover ground very quickly.
You have extremely tough skin. (AC +3)


Message History

Lugonu accepts your kill. The wyvern bites you!
Unknown command.
Your plate armour prevents you from hitting the wyvern.
The wyvern bites you! The wyvern bites you.
You hit the wyvern but do no damage. Your kick misses the wyvern.
The wyvern bites you.
* * * LOW HITPOINT WARNING * * *
You barely miss the wyvern. The wyvern bites you!
* * * LOW HITPOINT WARNING * * *
The wyvern bites you.
* * * LOW HITPOINT WARNING * * *
Unknown command.
Your plate armour prevents you from hitting the wyvern.
You kick the wyvern.
The wyvern is lightly wounded.
The wyvern bites you.
* * * LOW HITPOINT WARNING * * *
The wyvern bites you!
You die...

### ######.## #...#.#.##
##.###.###.##
##.#####)##..#[###.#
..[..gl@(...#..##.######
########.#####.#........
##.# .#.######## #..
#### ###


You could see a wyvern and a gnoll.

Vanquished Creatures
  A hungry ghost (D:8)
  Duvessa (D:7)
  2 black bears (D:7)
  An ice beast (D:7)
  2 ogres
  A centaur (D:5)
  3 bullfrogs (D:7)
  2 gnoll sergeants
  A scorpion (D:7)
  Dowan (D:7)
  2 howler monkeys (D:7)
  A bullfrog zombie (D:4)
  A quasit (D:7)
  2 orc priests
  2 hounds (D:7)
  7 orc wizards
  4 worker ants
  5 adders
  18 gnolls
  A shadow imp (D:6)
  A white imp (D:7)
  An ufetubus (D:6)
  An ooze (D:6)
  2 adder skeletons (D:4)
  7 worms
  2 dart slugs (D:1)
  4 leopard geckos
  26 orcs
  6 giant cockroaches
  9 goblins
  15 hobgoblins
  8 jackals
  10 quokkas
  4 ball pythons
  8 bats
  4 frilled lizards
  2 goblin skeletons (D:7)
  2 goblin zombies (D:7)
  A hobgoblin zombie (D:7)
  10 kobolds
  3 kobold skeletons (D:7)
  2 kobold zombies (D:7)
  A leopard gecko skeleton (D:4)
  An orc zombie (D:7)
  6 rats
194 creatures vanquished.

Vanquished Creatures (collateral kills)
  An ufetubus (D:6)
  A quokka (D:6)
2 creatures vanquished.

Grand Total: 196 creatures vanquished

Notes
Turn   | Place    | Note
-------+----------+-------------------------------------------
     0 | Abyss:1  | Gargoyl the Centaur Abyssal Knight began the quest for the
                  | Orb.
     0 | Abyss:1  | Reached XP level 1. HP: 19/19 MP: 2/2
    53 | Abyss:1  | Noticed a wretched star
    54 | D:1      | Escaped the Abyss
   340 | D:1      | Reached XP level 2. HP: 26/26 MP: 3/3
   356 | D:1      | Reached * piety under Lugonu
   658 | D:1      | Reached skill level 1 in Dodging
   825 | D:1      | Reached XP level 3. HP: 31/31 MP: 4/4
  1188 | D:2      | Reached XP level 4. HP: 38/40 MP: 5/5
  1422 | D:2      | Found a shadowy altar of Dithmenos.
  1440 | D:2      | Reached ** piety under Lugonu
  2195 | D:2      | HP: 1/40 [gnoll/+0 spear (2)]
  2545 | D:2      | Reached XP level 5. HP: 22/46 MP: 6/6
  3850 | D:3      | Reached *** piety under Lugonu
  3854 | D:3      | Reached XP level 6. HP: 51/52 MP: 8/8
  4129 | D:4      | Found a shimmering altar of Xom.
  4473 | D:4      | Found Onokh's Magic Scroll Emporium.
  4481 | D:4      | Bought a scroll of blinking for 105 gold pieces
  4481 | D:4      | Bought a scroll of teleportation for 42 gold pieces
  4485 | D:4      | Found a sparkling altar of Nemelex Xobeh.
  4528 | D:4      | Found a staircase to the Ecumenical Temple.
  4532 | D:4      | Found Muut Usaa's Assorted Antiques.
  4799 | D:5      | Entered Level 5 of the Dungeon
  5045 | D:5      | Reached XP level 7. HP: 28/59 MP: 1/9
  5326 | D:5      | Got a jewelled ring mail
  5337 | D:5      | Identified the +8 ring mail of Kikubaaqudgha's Whim {+Inv
                  | rC+ Dex-5} (You found it on level 5 of the Dungeon)
  5364 | D:5      | Found a stormy altar of Qazlal.
  5395 | D:5      | Found a hazy altar of Hepliaklqana.
  5445 | D:5      | Found a blossoming altar of Fedhas.
  5756 | D:4      | Found Raifocze's Weapon Boutique.
  6076 | D:4      | Reached **** piety under Lugonu
  6837 | D:6      | Got a coiled amber ring
  6866 | D:6      | Found an ornate altar of the Wu Jian Council.
  6866 | D:6      | Found a bloodstained altar of Trog.
  7204 | D:6      | Found a hide-covered altar of Uskayaw.
  7245 | D:6      | Found a glowing golden altar of the Shining One.
  7429 | D:7      | Reached XP level 8. HP: 63/67 MP: 10/10
  7758 | D:7      | Reached skill level 5 in Armour
  7773 | D:7      | Noticed Dowan
  8034 | D:7      | Killed Dowan
  8034 | D:7      | Reached skill level 5 in Axes
  8044 | D:7      | Noticed Duvessa
  8059 | D:7      | Killed Duvessa
  8317 | D:7      | Found a glowing golden altar of the Shining One.
  8330 | D:7      | Reached ***** piety under Lugonu
  8720 | D:7      | Reached XP level 9. HP: 30/73 MP: 5/12
  9289 | D:8      | Identified the cursed ring of the Komodo Dragon {rElec rF+
                  | MR+ AC-4 Stlth-} (You found it on level 6 of the Dungeon)
  9315 | D:8      | Found a glowing silver altar of Zin.
  9638 | D:8      | Reached skill level 5 in Invocations
  9648 | D:8      | Reached skill level 5 in Fighting
  9660 | D:8      | HP: 3/74 [wyvern (3)]
  9660 | D:8      | Mangled by a wyvern

Illustrated notes

Levels and vault maps discovered:
D:1:      minmay_arrival_cross, layout_loops_cross
D:2:      layout_basic, grunt_dithmenos_smoke, minmay_tromino_i4
D:3:      layout_basic, minivault_25
D:4:      layout_loops_ring, overflow_temple_1_default,
          minmay_temple_entry_drinking_statues, serial_shops, shop,
          nicolae_shop_waterfront, shop, minmay_misc_feat_cross,
          minmay_misc_feat_more_columns, lemuel_statue_altar
D:5:      layout_rooms, lemuel_round_altar, old_standard_altar,
          nicolae_overflow_crystal_walls, first_ration,
          kennysheep_cross_bottleneck, mrwooster_statue_mirror
D:6:      layout_rooms, kennysheep_mini, lemuel_coloured_pillars_altar,
          chequers_temple_overflow_statue_of_worship
D:7:      layout_basic, nicolae_tso_besieged_by_evil, uniq_duvessa
D:8:      layout_loops_ring, zin_treasury, tgw_sif, dpeg_lair_monsters

Skill      XL: |  1  2  3  4  5  6  7  8  9 |
---------------+----------------------------+-----
Axes           | 2 3 4 5 |  5.4
Dodging        | 1 2 3 |  3.3
Armour         | 2 3 4 5 |  5.8
Fighting       | 4 5 |  5.0
Invocations    | 3 4 5 |  5.0
Throwing       | |  0.8

Action                   |  1- 3 |  4- 6 |  7- 9 || total
-------------------------+-------+-------+-------++-------
Melee: Hand axe          |    74 |   250 |   282 ||   606
       Kick              |    13 |    52 |    67 ||   132
       War axe           |       |       |    62 ||    62
Throw: Javelin           |       |       |     8 ||     8
Invok: Depart the Abyss  |     1 |       |       ||     1
  Use: Scroll            |     1 |     9 |     6 ||    16
       Potion            |       |     2 |     1 ||     3
  Eat: Chunk             |       |    11 |    22 ||    33
       Ration            |       |       |     3 ||     3
Armor: Leather armour    |     7 |       |       ||     7
       Plate armour      |    63 |   247 |   336 ||   646
Dodge: Dodged            |     6 |    62 |    55 ||   123

Table legend:
 A = Non-vault XP
 B = Vault XP
 C = Vault XP percentage of total XP
 D = Non-vault monster count
 E = Vault monster count
 F = Vault count percentage of total count
                 A         B        C        D         E       F
            +---------+---------+-------+---------+---------+-------
      Total |    2787 |     287 |   9.3 |     181 |      15 |   7.7
            +---------+---------+-------+---------+---------+-------
        D:1 |      42 |       0 |   0.0 |      23 |       0 |   0.0
        D:2 |     166 |       5 |   2.9 |      35 |       1 |   2.8
        D:3 |     193 |       0 |   0.0 |      32 |       0 |   0.0
        D:4 |     390 |       0 |   0.0 |      23 |       0 |   0.0
        D:5 |     226 |       0 |   0.0 |      16 |       0 |   0.0
        D:6 |     198 |       0 |   0.0 |      10 |       0 |   0.0
        D:7 |    1174 |     282 |  19.4 |      24 |      14 |  36.8
        D:8 |     398 |       0 |   0.0 |      18 |       0 |   0.0
            +---------+---------+-------+---------+---------+-------
